 Dungeon Crawl Stone Soup version 0.19.0-9-gfd783f2 (webtiles) character file.

1236 Naow the Chopper (level 8, -1/64 HPs)
             Began as a Formicid Fighter on Nov 8, 2016.
             Slain by an orc priest
             ... wielding a +0 whip
              (7 damage)
             ... on level 4 of the Dungeon.
             The game lasted 00:04:41 (3297 turns).

Naow the Chopper (Formicid Fighter)                 Turns: 3297, Time: 00:04:42

Health: -1/64      AC:  7    Str: 24    XL:     8   Next: 78%
Magic:  8/8        EV:  9    Int:  7    God:
Gold:   134        SH: 10    Dex: 10    Spells: 0 memorised, 7 levels left

rFire  . . .     SeeInvis +     a - +0 war axe
rCold  . . .     Gourm    .     b - +0 scale mail
rNeg   . . .     Faith    .     c - +0 shield
rPois  .         Spirit   .     (helmet unavailable)
rElec  .         Reflect  .     (no cloak)
rCorr  .         Harm     .     (no gloves)
MR     .....                    (no boots)
Stlth  ..........               (no amulet)
                                (no ring)
                                (no ring)

@: no status effects
A: permanent stasis, dig shafts and tunnels, four strong arms, antennae 3
a: Dig, Shaft Self


You were on level 4 of the Dungeon.
You were not hungry.

You visited 1 branch of the dungeon, and saw 4 of its levels.

You collected 134 gold pieces.

Inventory:

Hand Weapons
 a - a +0 war axe (weapon)
Armour
 b - a +0 scale mail (worn)
 c - a +0 shield (worn)
Jewellery
 n - an uncursed ring of positive energy {unknown}
 v - an uncursed ring of poison resistance {unknown}
 w - an uncursed ring of see invisible {unknown}
Scrolls
 e - 3 scrolls of enchant armour {unknown}
 g - a scroll of fog {unknown}
 j - a scroll of remove curse {unknown}
 q - a scroll of teleportation {unknown}
 s - 2 scrolls of identify {unknown}
 x - a scroll of amnesia {unknown}
 y - 2 scrolls of magic mapping {unknown}
 z - a scroll of random uselessness {unknown}
 A - 3 scrolls of recharging {unknown}
Potions
 d - a potion of might
 h - a potion of agility {unknown}
 i - a potion of haste {unknown}
 k - a potion of magic {unknown}
 l - a potion of curing
 t - 2 potions of degeneration {unknown}
 u - a potion of flight {unknown}
Comestibles
 f - 3 bread rations
 m - 3 fruits
 p - 2 meat rations
 r - 3 beef jerkies
 B - a chunk of flesh


   Skills:
 + Level 5.8 Fighting
 * Level 6.6 Axes
 + Level 5.8 Armour
 + Level 6.2 Shields


You had 7 spell levels left.
You didn't know any spells.

Dungeon Overview and Level Annotations

Branches:
Dungeon (4/15)
 Temple: D:4-7

Altars:
Ru
Trog
Uskayaw
The Shining One


Innate Abilities, Weirdness & Mutations

You are under a permanent stasis effect.
You can dig through walls and to a lower floor.
Your four strong arms can wield two-handed weapons with a shield.
You have a pair of large antennae on your head. (SInv)


Message History

You slash the orc priest!
You kill the orc priest!
The orc priest calls down the wrath of Beogh upon you.
Pain shoots through your body!
* * * LOW HITPOINT WARNING * * *
The orc priest invokes the aid of Beogh against you.
Pain shoots through your body!
* * * LOW HITPOINT WARNING * * *
You are too injured to fight recklessly!
The orc priest hits you with a whip.
* * * LOW HITPOINT WARNING * * *
Items here: ))) [[ ††† You completely miss the orc priest.
The orc priest barely misses you.
You barely miss the orc priest.
The orc priest calls down the wrath of Beogh upon you.
You struggle to resist.
You hit the orc priest.
The orc priest is moderately wounded.
The orc priest hits you with a whip!
You die...

###
##%..######
#....o@...###
#.....##....##
##.%##
####[.## ##
###.## ##.#
#.# #.# #.#
#.#


You could see an orc priest.

Vanquished Creatures
  Pikel (D:4)
  Menkaure (D:4)
  A slave (D:4)
  A phantom (D:4)
  A black bear (D:4)
  Blork the orc (D:4)
  2 orc priests
  A hound (D:4)
  An orc wizard (D:3)
  An iguana (D:4)
  Terence (D:2)
  4 worker ants (D:4)
  7 adders
  An ooze (D:2)
  2 worms
  2 dart slugs (D:2)
  A leopard gecko (D:1)
  13 orcs
  A ball python (D:2)
  2 giant cockroaches
  6 hobgoblins
  4 jackals (D:2)
  3 quokkas
  3 bats
  6 frilled lizards
  6 goblins
  6 kobolds
  3 rats
82 creatures vanquished.

Notes
Turn   | Place    | Note
-------+----------+-------------------------------------------
     0 | D:1      | Naow the Formicid Fighter began the quest for the Orb.
     0 | D:1      | Reached XP level 1. HP: 18/18 MP: 1/1
   265 | D:1      | Reached XP level 2. HP: 24/24 MP: 2/2
   660 | D:2      | Reached XP level 3. HP: 26/29 MP: 3/3
   731 | D:2      | Found a sacrificial altar of Ru.
   970 | D:2      | Reached XP level 4. HP: 35/35 MP: 4/4
  1082 | D:2      | Noticed Terence
  1090 | D:2      | Killed Terence
  1152 | D:2      | Reached XP level 5. HP: 25/42 MP: 5/5
  1426 | D:2      | Found a faded altar of an unknown god.
  1426 | D:2      | Found a glowing golden altar of the Shining One.
  1431 | D:2      | Found a bloodstained altar of Trog.
  1433 | D:2      | Found a faded altar of an unknown god.
  1435 | D:2      | Found a hide-covered altar of Uskayaw.
  1894 | D:3      | Reached XP level 6. HP: 29/48 MP: 6/6
  2278 | D:4      | Noticed a phantom
  2334 | D:4      | HP: 1/49 [phantom (5)]
  2338 | D:4      | Killed a phantom
  2619 | D:4      | Noticed Menkaure
  2619 | D:4      | Noticed Blork the orc
  2626 | D:4      | Killed Menkaure
  2626 | D:4      | Reached skill level 5 in Shields
  2626 | D:4      | Reached XP level 7. HP: 41/55 MP: 7/7
  2639 | D:4      | Killed Blork the orc
  2639 | D:4      | Reached skill level 5 in Axes
  2834 | D:4      | Reached skill level 5 in Fighting
  2834 | D:4      | Reached skill level 5 in Armour
  2935 | D:4      | Noticed Pikel
  2952 | D:4      | Killed Pikel
  2952 | D:4      | Reached XP level 8. HP: 19/64 MP: 8/8
  3297 | D:4      | Slain by an orc priest

Skill      XL: |  1  2  3  4  5  6  7 |
---------------+----------------------+-----
Axes           | 3 4 6 |  6.6
Armour         | 4 5 |  5.8
Shields        | 4 5 6 |  6.2
Fighting       | 4 5 |  5.8

Action                   |  1- 3 |  4- 6 |  7- 9 || total
-------------------------+-------+-------+-------++-------
Melee: War axe           |    73 |   197 |    85 ||   355
  Use: Potion            |       |     2 |     3 ||     5
 Stab: Paralysed         |     2 |       |       ||     2
       Distracted        |     1 |       |       ||     1
  Eat: Chunk             |       |     5 |     3 ||     8
Armor: Scale mail        |    29 |    67 |    23 ||   119
Dodge: Dodged            |    24 |    57 |    38 ||   119
Block: Shield            |    42 |   105 |    34 ||   181
